 Dungeon Crawl Stone Soup version 0.22-a0-81-g7478db5 (webtiles) character file.

14869 galech the Grappler (level 11, 0/104 HPs)
             Began as a Troll Monk on Jan 18, 2018.
             Was a High Priest of Okawaru.
             Slain by a hippogriff (3 damage)
             ... on level 1 of the Lair of Beasts.
             The game lasted 00:23:29 (10646 turns).

galech the Grappler (Troll Monk)                   Turns: 10646, Time: 00:23:30

Health: 0/104      AC:  5    Str: 24    XL:     11   Next: 94%
Magic:  20/20      EV:  1    Int:  6    God:    Okawaru [*****.]
Gold:   560        SH:  0    Dex: 12    Spells: 10/10 levels left

rFire    . . .     SeeInvis .     - Unarmed
rCold    . . .     Gourm    +   (no shield)
rNeg     + + +     Faith    .   a - +0 robe
rPois    ∞         Spirit   .   x - +0 hat
rElec    .         Reflect  +   (no cloak)
rCorr    .         Harm     .   (gloves unavailable)
MR       .....                  (boots unavailable)
Stlth    ++........             j - +2 amulet of reflection
HPRegen  0.67/turn              p - ring of wizardry
MPRegen  0.17/turn              q - ring of magical power

@: petrified
A: large, unfitting armour, claws 3, fast metabolism 3, gourmand, regeneration
1, shaggy fur 1, tough skin 2
a: Heroism, Finesse, Renounce Religion


You were on level 1 of the Lair of Beasts.
You worshipped Okawaru.
Okawaru was extremely pleased with you.
You were very full.

You visited 3 branches of the dungeon, and saw 13 of its levels.

You collected 560 gold pieces.

Inventory:

Armour
 a - a +0 robe (worn)
 x - a +0 hat (worn)
Jewellery
 f - an uncursed ring of ice
 j - a +2 amulet of reflection (around neck)
 p - a ring of wizardry (left claw)
 q - a ring of magical power (right claw)
Wands
 k - a wand of iceblast (9)
 n - a wand of digging (22)
 w - a wand of clouds (5)
 H - a wand of flame (18)
 I - a wand of random effects (46)
Scrolls
 c - 5 scrolls of amnesia
 d - a scroll of magic mapping
 i - 4 scrolls of enchant weapon
 l - 4 scrolls of enchant armour
 m - 2 scrolls of immolation
 z - 4 scrolls of remove curse
 A - 2 scrolls of teleportation
 E - 3 scrolls of fog {unknown}
 G - 2 scrolls of fear
Potions
 e - 9 potions of curing
 g - a potion of degeneration
 h - 2 potions of lignification
 o - 2 potions of magic
 r - a potion of brilliance
 s - 2 potions of mutation
 t - a potion of cancellation
 u - 3 potions of resistance {unknown}
 v - 3 potions of haste {unknown}
 B - 4 potions of heal wounds {unknown}
 C - 3 potions of might
 D - 3 potions of flight
 F - a potion of ambrosia {unknown}
 K - 2 potions of invisibility {unknown}
Books
 y - a book of Cantrips

   Spells                             Type                      Level
   a - Confusing Touch                Hexes                        1
   b - Animate Skeleton               Necromancy                   1
   c - Summon Small Mammal            Summoning                    1
   d - Apportation                    Translocation                1
Comestibles
 b - 27 rations


   Skills:
 + Level 5.4 Fighting
 + Level 8.3 Dodging
 + Level 3.5 Stealth
 + Level 14.5 Unarmed Combat
 + Level 2.5 Invocations


You had 10 spell levels left.
You didn't know any spells.

Dungeon Overview and Level Annotations

Branches:
Dungeon (11/15)            Temple (1/1) D:7            Lair (1/6) D:11
    Orc (0/2) D:10

Altars:
Ashenzari
Cheibriados
Dithmenos
Elyvilon
Fedhas
Gozag
Hepliaklqana
Kikubaaqudgha
Makhleb
Nemelex Xobeh
Okawaru
Qazlal
Ru
Sif Muna
Trog
Uskayaw
Vehumet
Wu Jian
Xom
Yredelemnul
Zin
The Shining One
Lugonu

Shops:
D:4 }   D:6 !   D:10 :

Annotations:
D:9 1 transporter


Innate Abilities, Weirdness & Mutations

You are too large for most types of armour.
You have claws for hands.
Your metabolism is lightning-fast.
You like to eat raw meat.
Your natural rate of healing is unusually fast.
You are covered in fur. (AC +1)
You have very tough skin. (AC +2)


Message History

The hippogriff bites you but does no damage.
The hippogriff pecks you. The hippogriff barely misses you.
The basilisk bites you!
* * * LOW HITPOINT WARNING * * *
The hippogriff bites you!
* * * LOW HITPOINT WARNING * * *
The hippogriff pecks you.
* * * LOW HITPOINT WARNING * * *
The hippogriff claws you but does no damage.
The basilisk bites you.
* * * LOW HITPOINT WARNING * * *
The hippogriff bites you but does no damage.
The hippogriff pecks you.
* * * LOW HITPOINT WARNING * * *
The hippogriff claws you but does no damage.
The basilisk gazes at you. You resist with some effort.
The hippogriff bites you!
* * * LOW HITPOINT WARNING * * *
The hippogriff pecks you!
You die...

## ##.# ##P# ##... ....#
##P.# .....### ##...###
......## #...(#.# #
.......######..##.####
#.....P##....#....#
##.H........#.#....
#.@..........#.....
.....!l.................
........................
........}...............
......................(.
.##.....................
#..................†..
......................
.........


You could see a hippogriff and a basilisk.

Vanquished Creatures
  Snorg (D:10)
  6 two-headed ogres
  Sonja (D:10)
  A cyclops (D:10)
  Joseph (D:7)
  A spiny frog (Lair:1)
  2 hippogriffs
  A wyvern (D:10)
  A human (D:8)
  3 wraiths
  3 hogs (D:8)
  A basilisk (D:11)
  11 yaks
  Grum (D:11)
  2 hungry ghosts
  2 porcupines (D:11)
  An ice beast (D:3)
  A black bear (D:7)
  3 orc warriors
  4 sky beasts
  4 wolves (D:11)
  5 ogres
  4 centaurs
  A crocodile (D:11)
  A big kobold (D:9)
  10 bullfrogs
  A gnoll sergeant (D:9)
  7 scorpions
  2 howler monkeys
  3 wights (D:9)
  3 crimson imps
  2 bullfrog zombies
  A centaur zombie (D:3)
  4 jellies
  4 orc priests
  3 bullfrog skeletons
  3 centaur skeletons
  5 hounds
  5 orc wizards
  2 iguanas
  4 worker ants
  3 hound skeletons
  A howler monkey zombie (D:5)
  Robin (D:3)
  2 worker ant zombies
  A howler monkey skeleton (D:3)
  18 gnolls
  17 adders
  4 shadow imps
  An ooze (D:1)
  An adder zombie (D:3)
  6 adder skeletons
  A worm (D:4)
  3 dart slugs
  10 leopard geckos
  42 orcs
  10 bats
  6 giant cockroaches
  15 goblins
  10 hobgoblins
  13 jackals
  10 kobolds
  3 quokkas
  2 ball pythons
  3 frilled lizards
  A leopard gecko skeleton (D:5)
  A quokka zombie (D:3)
  3 rats
  A rat zombie (D:8)
310 creatures vanquished.

Notes
Turn   | Place    | Note
-------+----------+-------------------------------------------
     0 | D:1      | galech the Troll Monk began the quest for the Orb.
     0 | D:1      | Reached XP level 1. HP: 22/22 MP: 0/0
    44 | D:1      | Reached XP level 2. HP: 17/29 MP: 1/1
   338 | D:1      | Reached XP level 3. HP: 36/36 MP: 2/2
   840 | D:2      | Reached XP level 4. HP: 41/44 MP: 3/3
   874 | D:2      | Reached skill level 4 in Unarmed Combat
   961 | D:2      | Found a blossoming altar of Fedhas.
  1408 | D:3      | Reached XP level 5. HP: 52/52 MP: 4/4
  1515 | D:3      | Reached skill level 5 in Unarmed Combat
  1702 | D:3      | Reached XP level 6. HP: 53/59 MP: 5/5
  1757 | D:3      | Noticed an ice beast
  1764 | D:3      | Killed an ice beast
  1881 | D:3      | Reached skill level 6 in Unarmed Combat
  2040 | D:4      | Noticed Robin
  2072 | D:3      | Killed Robin
  2129 | D:4      | Reached XP level 7. HP: 67/67 MP: 6/6
  2362 | D:4      | Found Ocoufog's Gadget Emporium.
  2468 | D:4      | Noticed a hungry ghost
  2477 | D:4      | Killed a hungry ghost
  2477 | D:4      | Reached skill level 7 in Unarmed Combat
  2796 | D:5      | Entered Level 5 of the Dungeon
  2957 | D:5      | Found a shimmering altar of Xom.
  3359 | D:5      | Reached XP level 8. HP: 59/75 MP: 7/7
  3370 | D:5      | Reached skill level 8 in Unarmed Combat
  3985 | D:6      | Reached skill level 5 in Dodging
  4316 | D:6      | Found Regak's Distillery.
  4379 | D:6      | Reached skill level 9 in Unarmed Combat
  4843 | D:7      | Noticed Joseph
  4858 | D:7      | Noticed a hippogriff
  4867 | D:7      | Killed a hippogriff
  4938 | D:7      | Killed Joseph
  4938 | D:7      | Reached XP level 9. HP: 8/84 MP: 8/8
  5097 | D:7      | Reached skill level 10 in Unarmed Combat
  5266 | D:7      | Found a staircase to the Ecumenical Temple.
  5352 | Temple   | Entered the Ecumenical Temple
  5568 | D:7      | Found a shattered altar of Ashenzari.
  5699 | D:7      | Found an ornate altar of the Wu Jian Council.
  5701 | D:7      | Found an iron altar of Okawaru.
  5714 | D:7      | Became a worshipper of Warmaster Okawaru
  5714 | D:7      | Reached * piety under Okawaru
  5714 | D:7      | Reached ** piety under Okawaru
  5764 | D:7      | Found a radiant altar of Vehumet.
  5873 | D:8      | Noticed a two-headed ogre
  5995 | D:7      | Killed a two-headed ogre
  5995 | D:7      | Reached *** piety under Okawaru
  5995 | D:7      | Reached skill level 11 in Unarmed Combat
  6260 | D:8      | Noticed a two-headed ogre
  6271 | D:8      | Killed a two-headed ogre
  6271 | D:8      | Reached XP level 10. HP: 29/93 MP: 9/9
  6451 | D:8      | Reached skill level 1 in Invocations
  6560 | D:8      | Found an ancient bone altar of Kikubaaqudgha.
  6649 | D:8      | Found a burning altar of Makhleb.
  6889 | D:8      | Reached **** piety under Okawaru
  6889 | D:8      | Reached skill level 12 in Unarmed Combat
  6913 | D:8      | HP: 3/94 [hog (11)]
  7337 | D:9      | Found a transporter.
  7342 | D:9      | Found a corrupted altar of Lugonu.
  7376 | D:9      | Noticed a two-headed ogre
  7384 | D:9      | Killed a two-headed ogre
  7754 | D:9      | Noticed a cyclops
  7755 | D:9      | Noticed a two-headed ogre
  7843 | D:9      | Killed a two-headed ogre
  7905 | D:9      | Reached skill level 13 in Unarmed Combat
  7962 | D:10     | Entered Level 10 of the Dungeon
  8004 | D:9      | Noticed a two-headed ogre
  8011 | D:10     | Killed a two-headed ogre
  8011 | D:10     | Reached ***** piety under Okawaru
  8011 | D:10     | Reached XP level 11. HP: 73/101 MP: 11/11
  8243 | D:10     | Found Roopny's Book Shop.
  8533 | D:10     | Noticed a two-headed ogre
  8533 | D:10     | Noticed a six-headed hydra
  8621 | D:10     | Noticed Sonja
  8623 | D:10     | Received a gift from Okawaru
  8784 | D:10     | Killed Sonja
  8784 | D:10     | Reached skill level 5 in Fighting
  8986 | D:10     | Noticed Snorg
  8994 | D:10     | Killed Snorg
  9002 | D:10     | Found a staircase to the Orcish Mines.
  9053 | D:10     | Noticed a two-headed ogre
  9063 | D:10     | Killed a two-headed ogre
  9063 | D:10     | Reached skill level 14 in Unarmed Combat
  9447 | D:11     | Noticed Grum
  9468 | D:11     | Killed Grum
  9885 | D:11     | Found a staircase to the Lair.
 10283 | Lair:1   | Entered Level 1 of the Lair of Beasts
 10646 | Lair:1   | HP: 3/104 [hippogriff (4)]
 10646 | Lair:1   | Slain by a hippogriff

Vault maps used:
D:1:      elethiomel_arrival_shortcut, st_stairs_11, minmay_bisected
D:2:      fedhas_altar_1
D:3:      first_ration, serial_undead, serial_undead_b, serial_undead_f,
          serial_undead_e, serial_undead_a, serial_undead_d, serial_undead_b
D:4:      serial_shops, shop_fountains, uniq_robin
D:5:      xom_teletrap_fun, st_stairs_7
D:6:      serial_shops, nicolae_shop_crystal
D:7:      grunt_temple_overflow_open, ashenzari_altar_1, temple_green,
          serial_corexii_hall, corexii_hall_statues_i, corexii_hall_statues_i,
          lemuel_tele_altar, uniq_joseph
D:8:      lemuel_zombie_altar_kikubaaqudgha, grunt_livestock, bloody_makhleb
D:9:      gammafunk_corrupted_shrine, minmay_sticks_and_stones
D:10:     david_orc_2, serial_shops, nicolae_shop_statue_plus, uniq_snorg,
          uniq_sonja
D:11:     minmay_lair_entry_grove, minmay_variable_closet, uniq_grum
Temple:   eino_temple_scatter_basement

Skill      XL: |  1  2  3  4  5  6  7  8  9 10 11 |
---------------+----------------------------------+-----
Unarmed Combat | 4 5 6 7 9 11 13 14 | 14.5
Dodging        | 3 4 5 6 7 8 |  8.3
Fighting       | 3 4 5 |  5.4
Stealth        | 2 3 |  3.5
Invocations    | 1 2 |  2.5

Action                   |  1- 3 |  4- 6 |  7- 9 | 10-12 || total
-------------------------+-------+-------+-------+-------++-------
Melee: Unarmed           |   116 |   175 |   302 |   370 ||   963
       Punch             |     1 |     3 |    12 |    23 ||    39
Invok: Heroism           |       |       |     1 |     7 ||     8
       Finesse           |       |       |       |     2 ||     2
  Use: Scroll            |     3 |     1 |    11 |     6 ||    21
       Potion            |       |       |       |     2 ||     2
 Stab: Distracted        |       |       |     1 |       ||     1
       Sleeping          |       |       |     4 |     3 ||     7
  Eat: Chunk             |    13 |    12 |    46 |    39 ||   110
Armor: Robe              |    66 |    65 |    56 |    64 ||   251
Dodge: Dodged            |    77 |   107 |   161 |   196 ||   541
Block: Other             |     7 |    10 |    19 |    15 ||    51
       Reflection        |       |       |     1 |       ||     1

Table legend:
 A = Spawn XP
 B = Non-spawn XP
 C = Spawn XP percentage of total XP
 D = Spawn monster count
 E = Non-spawn monster count
 F = Spawn count percentage of total count
 G = Total turns spent on level
                    A         B        C        D         E        F      G
               +---------+---------+-------+---------+---------+-------+---------
         Total |       0 |   21242 |   0.0 |       0 |     310 |   0.0 | 10646
               +---------+---------+-------+---------+---------+-------+---------
           D:1 |       0 |      57 |   0.0 |       0 |      25 |   0.0 |   685
           D:2 |       0 |     121 |   0.0 |       0 |      31 |   0.0 |   703
           D:3 |       0 |     517 |   0.0 |       0 |      37 |   0.0 |   694
           D:4 |       0 |     430 |   0.0 |       0 |      20 |   0.0 |   714
           D:5 |       0 |     479 |   0.0 |       0 |      27 |   0.0 |  1098
           D:6 |       0 |     655 |   0.0 |       0 |      12 |   0.0 |   896
           D:7 |       0 |    2781 |   0.0 |       0 |      29 |   0.0 |  1127
           D:8 |       0 |    3001 |   0.0 |       0 |      34 |   0.0 |  1096
           D:9 |       0 |    2892 |   0.0 |       0 |      23 |   0.0 |   907
          D:10 |       0 |    6610 |   0.0 |       0 |      40 |   0.0 |  1178
          D:11 |       0 |    2820 |   0.0 |       0 |      28 |   0.0 |  1139
        Lair:1 |       0 |     879 |   0.0 |       0 |       4 |   0.0 |   225
               +---------+---------+-------+---------+---------+-------+---------
